 Dungeon Crawl Stone Soup version 0.31-a0-233-g139696dc86 (webtiles) character file.

Game seed: 15373106130994523145

1525 Shard1697 the Trooper (level 9, -6/68 HPs)
             Began as a Djinni Summoner on July 8, 2023.
             Mangled by an iguana (10 damage)
             ... on level 5 of the Dungeon.
             The game lasted 00:11:00 (4279 turns).

Shard1697 the Trooper (Djinni Summoner)             Turns: 4279, Time: 00:11:00

Health: -6/68      AC: 16    Str:  7    XL:     9   Next: 10%
Gold:   156        EV: 11    Int: 22    God:
                   SH:  0    Dex: 13

rFire   + + .        a - +2 flail (protect)
rCold   . . .        (no shield)
rNeg    . . .        j - +3 leather armour
rPois   ∞            (no helmet)
rElec   .            p - +2 cloak
rCorr   +            (no gloves)
SInv    .            (boots unavailable)
Will    .....        (no amulet)
Stlth   ++           m - ring of resist corrosion
HPRegen 0.31/turn    q - ring of protection from cold
MPRegen 0.00/turn

%: infuse magic (-7 HP)
@: under a protective aura, flying
A: sickness immunity, fire resistance 2, cold vulnerability 1, float, innate
caster, HP casting, extra vitality 1
a: no special abilities


You were on level 5 of the Dungeon.
You visited 1 branch of the dungeon, and saw 5 of its levels.

You collected 156 gold pieces.

Inventory:

Hand Weapons
 a - a +2 flail of protection (weapon)
 s - a +2 antimagic broad axe
Armour
 j - a +3 leather armour (worn)
 p - a +2 cloak (worn)
Jewellery
 m - a ring of resist corrosion (left hand)
 o - a ring of protection from fire
 q - a ring of protection from cold (right hand)
Wands
 k - a wand of charming (11)
Scrolls
 d - a scroll of poison
 e - a scroll of vulnerability
 g - a scroll of amnesia
 h - a scroll of immolation
 i - 2 scrolls of identify
 n - a scroll of noise
 r - 3 scrolls of revelation
Potions
 b - 2 potions of haste
 c - 3 potions of mutation
 f - 2 potions of magic


   Skills:
 + Level 7.4 Fighting
 - Level 2.1 Dodging
 - Level 1.5 Stealth
 + Level 6.6 Spellcasting
 + Level 6.6 Conjurations
 + Level 6.6 Hexes
   Level 0.0 Charms
 + Level 6.6 Summonings
 + Level 6.6 Necromancy
 + Level 6.6 Translocations
 + Level 6.6 Transmutations
 + Level 6.6 Fire Magic
 + Level 6.6 Ice Magic
 + Level 6.6 Air Magic
 + Level 6.6 Earth Magic
 + Level 6.6 Poison Magic


You knew the following spells:

 Your Spells              Type           Power      Damage    Failure   Level
a - Summon Small Mammal   Summ           100%       N/A       1%          1
b - Call Imp              Summ           72%        N/A       1%          2
c - Poisonous Vapours     Pois/Air       72%        N/A       1%          2
d - Summon Guardian Gole  Hex/Summ       36%        N/A       2%          3
e - Summon Lightning Spi  Summ/Air       36%        N/A       9%          4
f - Freeze                Ice            100%       1d10      1%          1
g - Ignite Poison         Fire/Tmut/Pois 36%        N/A       2%          3
h - Leda's Liquefaction   Hex/Erth       18%        N/A       9%          4
t - Call Canine Familiar  Summ           36%        N/A       2%          3
Your spell library was empty.

Dungeon Overview and Level Annotations

Branches:
Dungeon (5/15)
 Temple: D:4-7

Altars:
Fedhas
Trog


Innate Abilities, Weirdness & Mutations

You are immune to sickness and miasma.
You are immune to poison.
Your flesh is very heat resistant. (rF++)
You are vulnerable to cold. (rC-)
You float through the air rather than walking.
You learn spells naturally, not from books.
Your magical power is your life essence.
You have superior vitality. (+4 MHP)


Message History

You kill the iguana!
Things that are here:
a +0 shortbow; a centaur corpse
Casting: Call Canine Familiar (dangerous; 2% risk of failure)
Confirm with . or Enter, or press ? or * to list all spells.
Okay, then.
Things that are here:
a +0 shortbow; a centaur corpse The iguana hisses angrily.
You are too injured to fight recklessly!
You are too injured to fight recklessly!
You are too injured to fight recklessly!
The iguana bites you but does no damage.
You hit the iguana.
Your weapon exudes an aura of protection.
The iguana is moderately wounded.
The iguana bites you.
You completely miss the iguana.
The iguana is moderately wounded.
The iguana bites you.
* * * LOW HITPOINT WARNING * * *
The iguana barely misses you.
You hit the iguana.
The iguana is moderately wounded.
The iguana bites you but does no damage.
You hit the iguana but do no damage. You punch the iguana, but do no damage.
The iguana is moderately wounded.
The iguana bites you but does no damage.
You hit the iguana.
The iguana is heavily wounded.
The iguana bites you!
* * * LOW HITPOINT WARNING * * *
The iguana bites you.
* * * LOW HITPOINT WARNING * * *
Casting: Call Canine Familiar (dangerous; 2% risk of failure)
Confirm with . or Enter, or press ? or * to list all spells.
An electric hum fills the air.
* * * LOW HITPOINT WARNING * * *
The iguana bites you!
You die...

.....#..#.y....#.#######
......#..#......#.# #
..#####..#####..##### #
......#..#......#...# #
......#..#......#...# #
####l.#..#..#####...##
.....#..#......#....#
#.l....#.l#......#..#.####
#..#####.@#####..##.......
#.......8..)..)..##.......
#................#........
##################........
#........ ##.......
#....... #....... #.......


You could see an iguana (ally target) and a friendly lightning spire (summoned).

Vanquished Creatures
  A water moccasin (D:5)
  A phantom (D:5)
  3 scorpions
  A howler monkey (D:5)
  A hound (D:5)
  2 iguanas (D:5)
  An orc wizard (D:5)
  3 adders
  A worm (D:5)
  2 dart slugs
  16 orcs
  5 ball pythons
  7 bats
  5 endoplasms
  3 giant cockroaches
  3 goblins
  3 hobgoblins
  2 quokkas (D:2)
  2 kobolds
  4 rats
66 creatures vanquished.

Vanquished Creatures (collateral kills)
  Grinder (D:4)
  A hornet (D:5)
  A water moccasin (D:5)
  An ogre (D:5)
  A centaur (D:5)
  A kobold brigand (D:5)
  A bullfrog (D:4)
  A nameless horror (D:5)
  Crazy Yiuf (D:5)
  2 orc priests (D:5)
  2 adders
  2 worms (D:2)
  A dart slug (D:4)
  10 orcs
  3 endoplasms (D:2)
  A goblin (D:2)
  4 kobolds
  2 ball pythons
  4 bats (D:1)
  4 rats
44 creatures vanquished.

Grand Total: 110 creatures vanquished

Notes
Turn   | Place    | Note
-------+----------+-------------------------------------------
     0 | D:1      | Shard1697 the Djinni Summoner began the quest for the Orb.
     0 | D:1      | Shard1697 set off with the following spells memorised:
                  | Summon Small Mammal, Call Imp, Call Canine Familiar, Summon
                  | Guardian Golem, Summon Lightning Spire.
     0 | D:1      | Reached XP level 1. HP: 15/15 MP: 0/0
   143 | D:1      | Reached XP level 2. HP: 22/22 MP: 0/0
   170 | D:1      | Reached skill level 1 in Fighting
   398 | D:1      | Reached XP level 3. HP: 19/27 MP: 0/0
   398 | D:1      | Learned a level 1 spell: Freeze
   806 | D:2      | Found a faded altar of an unknown god.
   842 | D:2      | Reached skill level 2 in Fighting
  1199 | D:2      | Reached XP level 4. HP: 26/33 MP: 0/0
  1199 | D:2      | Found a bloodstained altar of Trog.
  2302 | D:4      | Reached XP level 5. HP: 35/40 MP: 0/0
  2302 | D:4      | Learned a level 2 spell: Poisonous Vapours
  2325 | D:4      | Noticed a bullfrog
  2332 | D:4      | Killed a bullfrog
  2333 | D:4      | Reached skill level 3 in Fighting
  2544 | D:4      | Reached XP level 6. HP: 30/47 MP: 0/0
  2740 | D:4      | Noticed Grinder
  2754 | D:4      | Reached skill level 4 in Fighting
  2776 | D:4      | Killed Grinder
  2777 | D:4      | Reached skill level 5 in Spellcasting
  2777 | D:4      | Reached skill level 5 in Conjurations
  2777 | D:4      | Reached skill level 5 in Hexes
  2777 | D:4      | Reached skill level 5 in Summonings
  2777 | D:4      | Reached skill level 5 in Necromancy
  2777 | D:4      | Reached skill level 5 in Translocations
  2777 | D:4      | Reached skill level 5 in Transmutations
  2777 | D:4      | Reached skill level 5 in Fire Magic
  2777 | D:4      | Reached skill level 5 in Ice Magic
  2777 | D:4      | Reached skill level 5 in Air Magic
  2777 | D:4      | Reached skill level 5 in Earth Magic
  2777 | D:4      | Reached skill level 5 in Poison Magic
  2777 | D:4      | Reached XP level 7. HP: 22/53 MP: 0/0
  2777 | D:4      | Learned a level 3 spell: Ignite Poison
  3110 | D:5      | Entered Level 5 of the Dungeon
  3128 | D:5      | Reached skill level 5 in Fighting
  3272 | D:5      | Noticed a water moccasin
  3348 | D:5      | Noticed a water moccasin
  3361 | D:5      | Killed a water moccasin
  3367 | D:5      | Reached XP level 8. HP: 6/61 MP: 0/0
  3610 | D:5      | Reached skill level 6 in Fighting
  3648 | D:5      | Found a runed translucent door.
  3649 | D:5      | Noticed Crazy Yiuf
  3664 | D:5      | Killed Crazy Yiuf
  3964 | D:5      | Found a blossoming altar of Fedhas.
  4159 | D:5      | Noticed a hornet
  4192 | D:5      | Reached skill level 7 in Fighting
  4194 | D:5      | Killed a hornet
  4195 | D:5      | Reached XP level 9. HP: 24/68 MP: 0/0
  4195 | D:5      | Learned a level 4 spell: Leda's Liquefaction
  4279 | D:5      | Mangled by an iguana

Illustrated notes

Levels and vault maps discovered:
D:1:      dpeg_arrival_rooms_with_view, layout_rooms
D:2:      layout_loops_cross, basic_altar,
          shapermc_ecumenical_altar_starsandcircs, minmay_misc_feat_square
D:3:      layout_basic, chequers_serial_rivers_micro_c
D:4:      layout_basic, grunt_ministairs_2, uniq_grinder
D:5:      kennysheep_windowed_halls, layout_rooms,
          grunt_temple_overflow_growth_and_decay, kennysheep_generic_room_4,
          uniq_crazy_yiuf_cottage

Skill      XL: |  1  2  3  4  5  6  7  8 |
---------------+-------------------------+-----
Fighting       | 1 2 3 4 5 7 |  7.4
Spellcasting   | 4 5 6 |  6.6
Conjurations   | 4 5 6 |  6.6
Hexes          | 4 5 6 |  6.6
Summonings     | 4 5 6 |  6.6
Necromancy     | 4 5 6 |  6.6
Translocations | 4 5 6 |  6.6
Transmutations | 4 5 6 |  6.6
Fire Magic     | 4 5 6 |  6.6
Ice Magic      | 4 5 6 |  6.6
Air Magic      | 4 5 6 |  6.6
Earth Magic    | 4 5 6 |  6.6
Poison Magic   | 4 5 6 |  6.6
Dodging        | |  2.1
Stealth        | |  1.5

Action                     |  1- 3 |  4- 6 |  7- 9 || total
---------------------------+-------+-------+-------++-------
  Melee: Whip              |    25 |       |       ||    25
         Mace              |    69 |    35 |    50 ||   154
         Long sword        |    21 |    33 |       ||    54
         Punch             |     1 |     2 |     2 ||     5
         Flail             |       |       |    42 ||    42
   Cast: Summon Small Mamm |     8 |       |       ||     8
         Call Imp          |    11 |     5 |     1 ||    17
         Call Canine Famil |       |     9 |     9 ||    18
         Poisonous Vapours |       |     8 |       ||     8
         Summon Lightning  |       |       |    11 ||    11
    Use: Scroll            |       |       |    14 ||    14
         Potion            |       |       |     1 ||     1
   Stab: Sleeping          |     4 |     1 |     1 ||     6
         Distracted        |     1 |       |     1 ||     2
 Armour: Robe              |    53 |     9 |     5 ||    67
         Leather armour    |       |       |    26 ||    26
  Dodge: Dodged            |   133 |    57 |    57 ||   247

Table legend: (Time is in decaauts)
 A = Elapsed time spent in this place.
 B = Non-inter-level travel time spent in this place.
 C = Inter-level travel time spent in this place.
 D = Time resting spent in this place.
 E = Time spent auto-exploring this place.
 F = Levels seen in this place.
 G = Mean time per level.
                   A        B        C        D        E       F      G
               +--------+--------+--------+--------+--------+-----+--------+
         Total |   4377 |   4233 |    144 |    828 |   2132 |   5 |  875.4 |
       Dungeon |   4377 |   4233 |    144 |    828 |   2132 |   5 |  875.4 |
               +--------+--------+--------+--------+--------+-----+--------+

Top non-repeatable levels by time:
     D:4: 1035 daAuts
     D:5: 1034 daAuts
     D:2: 897 daAuts
     D:3: 716 daAuts
     D:1: 693 daAuts
